 Dungeon Crawl Stone Soup version 0.31-a0-177-g4aa6249778 (webtiles) character file.

Game seed: 16596442837216107101

247 croobank the Firebug (level 6, -6/44 HPs)
             Began as a Gnoll Fire Elementalist on June 18, 2023.
             Was a Believer of Lugonu.
             Killed by divine providence
             ... invoked by an orc priest
              (15 damage)
             ... on level 4 of the Dungeon.
             The game lasted 00:09:04 (3762 turns).

croobank the Firebug (Gnoll Fire Elementalist)      Turns: 3762, Time: 00:09:04

Health: -6/44      AC:  4    Str:  7    XL:     6   Next: 11%
Magic:  7/14       EV: 13    Int: 16    God:    Lugonu [**....]
Gold:   28         SH:  0    Dex: 13    Spells: 7/15 levels left

rFire   . . .        a - +4 quarterstaff
rCold   . . .        (shield currently unavailable)
rNeg    . . .        q - +0 robe
rPois   +            (no helmet)
rElec   .            t - +0 cloak
rCorr   .            I - +0 pair of gloves
SInv    .            (no boots)
Will    .....        (no amulet)
Stlth   +++          m - ring of poison resistance
HPRegen 0.27/turn    z - +4 ring of slaying
MPRegen 0.14/turn

%: no passive effects
@: about to teleport
A: fangs 1, strong nose, distributed training
a: Renounce Religion, Depart the Abyss, Banish


You were on level 4 of the Dungeon.
You worshipped Lugonu.
Lugonu was pleased with you.
You visited 1 branch of the dungeon, and saw 4 of its levels.

You collected 145 gold pieces.
You spent 117 gold pieces at shops.

Inventory:

Hand Weapons
 a - a +4 quarterstaff (weapon)
 b - a +1 sling of freezing
 c - a +0 short sword
 e - a +0 dagger
 g - a +0 hand axe
 l - a +0 rapier
 w - a +0 falchion
Missiles
 x - a throwing net
 C - 3 atropa-tipped darts
Armour
 d - a +0 ring mail
 k - a +0 leather armour
 q - a +0 robe (worn)
 t - a +0 cloak (worn)
 I - a +0 pair of gloves (worn)
Jewellery
 m - a ring of poison resistance (left hand)
 r - a ring of resist corrosion
 z - a +4 ring of slaying (right hand)
 H - a ring of positive energy
Scrolls
 h - 5 scrolls of identify
 j - a scroll of enchant armour {unknown}
 n - a scroll of silence {unknown}
 p - a scroll of revelation {unknown}
 s - a scroll of enchant weapon {unknown}
 v - a scroll of vulnerability {unknown}
 y - 2 scrolls of fog
 A - a scroll of blinking {unknown}
 D - a scroll of immolation {unknown}
Potions
 f - a potion of heal wounds
 i - a potion of mutation {unknown}
 o - 2 potions of degeneration {unknown}
 u - a potion of cancellation {unknown}
 B - 2 potions of magic
 E - a potion of invisibility {unknown}
 G - a potion of attraction {unknown}


   Skills:
 + Level 1.9 Fighting
 + Level 1.9 Short Blades
 + Level 1.9 Long Blades
 + Level 1.9 Axes
 + Level 1.9 Maces & Flails
 + Level 1.9 Polearms
 + Level 1.9 Staves
 + Level 1.9 Ranged Weapons
 + Level 1.9 Throwing
 + Level 1.9 Armour
 + Level 4.9 Dodging
 + Level 4.5 Stealth
 + Level 1.9 Shields
 + Level 1.9 Unarmed Combat
 + Level 5.3 Spellcasting
 + Level 2.6 Conjurations
 + Level 1.5 Hexes
 + Level 1.5 Summonings
 + Level 1.5 Necromancy
 + Level 1.5 Translocations
 + Level 1.5 Transmutations
 + Level 5.6 Fire Magic
 + Level 1.5 Ice Magic
 + Level 1.5 Air Magic
 + Level 1.5 Earth Magic
 + Level 1.5 Poison Magic
 + Level 2.1 Invocations
 + Level 1.9 Evocations


You had 7 spell levels left.
You knew the following spells:

 Your Spells              Type           Power      Damage    Failure   Level
a - Foxfire               Conj/Fire      68%        2x1d7     2%          1
b - Scorch                Fire           44%        2d6       2%          2
c - Inner Flame           Hex/Fire       15%        N/A       10%         3
d - Blink                 Tloc           18%        N/A       12%         2

Your spell library contained the following spells:

 Spells                   Type           Power      Damage    Failure   Level
 Momentum Strike          Conj/Tloc      20%        3d8       10%         2
 Volatile Blastmotes      Fire/Tloc      30%        2d12      10%         3
 Lesser Beckoning         Tloc           18%        N/A       12%         2
 Flame Wave               Conj/Fire      17%        2d7       26%         4


Dungeon Overview and Level Annotations

Branches:
Dungeon (4/15)
 Temple: D:4-7

Altars:
Nemelex Xobeh
Lugonu

Shops:
D:3 ?

Annotations:
D:4 Eustachio


Innate Abilities, Weirdness & Mutations

You have very sharp teeth.
Your uncanny sense of smell can sniff out nearby items.
Your experience applies equally to all skills.


Message History

Beogh smites you! Eustachio completely misses you.
The orc priest shouts!
Casting: Scorch (safe; 2% risk of failure)
Confirm with . or Enter, or press ? or * to list all spells.
Flames lash Eustachio.
Eustachio is moderately wounded.
Eustachio's fire resistance burns away.
Eustachio hits you with a +0 rapier!
Press: ? - help, Shift-Dir - straight line, f - Eustachio
Aim: Eustachio, wielding a +0 rapier and wearing a +0 leather armour (moderately wounded, more vulnerable to fire, chance to affect: 80%) Eustachio barely resists.
Eustachio twists and deforms.
An orc priest comes into view. It is wielding a +0 flail.
The orc priest looks braver for a moment.
Eustachio hits you with a +0 rapier.
You closely miss Eustachio.
Eustachio is moderately wounded.
An orc comes into view. It is wielding a +0 dagger.
An orc comes into view.
It is wielding a +2 dagger of protection.
Eustachio closely misses you.
You sock Eustachio! You bite Eustachio, but do no damage.
Eustachio is heavily wounded.
Eustachio hits you with a +0 rapier.
The orc priest invokes the aid of Beogh against you.
Beogh smites you!
* * * LOW HITPOINT WARNING * * *
Okay, then.
Okay, then.
It was a potion of heal wounds.
You feel much better.
Eustachio is no longer more vulnerable to fire.
The orc priest mumbles some strange prayers to Beogh against you.
Beogh smites you! Eustachio barely misses you.
As you read the scroll of teleportation, it crumbles to dust.
You feel strangely unstable.
The orc priest calls upon Beogh to heal the orc priest.
The orc priest is healed somewhat.
Eustachio hits you with a +0 rapier.
* * * LOW HITPOINT WARNING * * *
The orc priest is no longer more vulnerable to fire.
Eustachio gestures wildly while chanting.
The orc priest invokes the aid of Beogh against you.
Beogh smites you!
You die...

#.# #.##............
#.###.##..........###
#........###.....##
########.# #...###
#.# #...# #.# ###.#
#.# #.# #@# #.# #@#
.o. .5o5. ∆ ###.##o
..# .. ..# #. ..# #+


You could see Eustachio (misshapen), an orc priest, a crimson imp (summoned), a
shadow imp (summoned) and an orc.

Vanquished Creatures
  An ogre (D:4)
  A hound (D:3)
  An iguana (D:3)
  3 adders
  2 dart slugs
  3 orcs (D:3)
  4 ball pythons
  4 endoplasms
  3 giant cockroaches
  7 goblins
  6 hobgoblins
  9 jackals
  6 kobolds
  A quokka (D:3)
  6 bats
  5 frilled lizards
  6 rats
68 creatures vanquished.

Vanquished Creatures (others)
  89 foxfires
89 creatures vanquished.

Grand Total: 157 creatures vanquished

Notes
Turn   | Place    | Note
-------+----------+-------------------------------------------
     0 | D:1      | croobank the Gnoll Fire Elementalist began the quest for
                  | the Orb.
     0 | D:1      | Reached XP level 1. HP: 13/13 MP: 6/6
   164 | D:1      | Reached XP level 2. HP: 19/19 MP: 7/7
   167 | D:1      | Learned a level 2 spell: Scorch
   302 | D:1      | Found a faded altar of an unknown god.
   353 | D:1      | Prayed at the altar of an unknown god.
   353 | D:1      | Became a worshipper of Lugonu the Unformed
   353 | D:1      | Reached * piety under Lugonu
   726 | D:1      | Reached skill level 5 in Spellcasting
   726 | D:1      | Reached XP level 3. HP: 25/25 MP: 0/9
  1455 | D:2      | Reached skill level 1 in Invocations
  1615 | D:2      | Reached skill level 1 in Fighting
  1615 | D:2      | Reached skill level 1 in Short Blades
  1615 | D:2      | Reached skill level 1 in Long Blades
  1615 | D:2      | Reached skill level 1 in Axes
  1615 | D:2      | Reached skill level 1 in Maces & Flails
  1615 | D:2      | Reached skill level 1 in Polearms
  1615 | D:2      | Reached skill level 1 in Staves
  1615 | D:2      | Reached skill level 1 in Ranged Weapons
  1615 | D:2      | Reached skill level 1 in Throwing
  1615 | D:2      | Reached skill level 1 in Armour
  1615 | D:2      | Reached skill level 1 in Shields
  1615 | D:2      | Reached skill level 1 in Unarmed Combat
  1615 | D:2      | Reached skill level 1 in Evocations
  1850 | D:2      | Found a sparkling altar of Nemelex Xobeh.
  2069 | D:2      | Reached XP level 4. HP: 32/32 MP: 6/11
  2079 | D:2      | Reached ** piety under Lugonu
  2736 | D:3      | Reached skill level 1 in Hexes
  2736 | D:3      | Reached skill level 1 in Summonings
  2736 | D:3      | Reached skill level 1 in Necromancy
  2736 | D:3      | Reached skill level 1 in Translocations
  2736 | D:3      | Reached skill level 1 in Transmutations
  2736 | D:3      | Reached skill level 1 in Ice Magic
  2736 | D:3      | Reached skill level 1 in Air Magic
  2736 | D:3      | Reached skill level 1 in Earth Magic
  2736 | D:3      | Reached skill level 1 in Poison Magic
  2923 | D:3      | Found Wuet's Magic Scroll Shop.
  2928 | D:3      | Bought a scroll of fog for 52 gold pieces
  2928 | D:3      | Bought a scroll of teleportation for 39 gold pieces
  2928 | D:3      | Bought a scroll of identify for 26 gold pieces
  2991 | D:3      | Reached XP level 5. HP: 37/37 MP: 7/12
  3589 | D:4      | Learned a level 3 spell: Inner Flame
  3625 | D:4      | Noticed an ogre
  3630 | D:4      | Learned a level 2 spell: Blink
  3635 | D:4      | Killed an ogre
  3636 | D:4      | Reached XP level 6. HP: 44/44 MP: 5/14
  3749 | D:4      | Noticed Eustachio
  3762 | D:4      | Killed from afar by an orc priest

Illustrated notes

Levels and vault maps discovered:
D:1:      dpeg_arrival_radiant, layout_basic,
          shapermc_ecumenical_altar_notcrosses
D:2:      layout_loops_corners, basic_altar, dk_noncrumbling_2
D:3:      layout_loops_cross, serial_shops, nicolae_shop_tiny_real_fake_doors,
          skrybe_limestone_x, minmay_quantized
D:4:      layout_loops_corners, minmay_temple_entry_nine_rooms, uniq_eustachio

Skill      XL: |  1  2  3  4  5 |
---------------+----------------+-----
Conjurations   | 2 |  2.6
Spellcasting   | 5 |  5.3
Invocations    | 1 2 |  2.1
Fighting       | 1 |  1.9
Short Blades   | 1 |  1.9
Long Blades    | 1 |  1.9
Axes           | 1 |  1.9
Maces & Flails | 1 |  1.9
Polearms       | 1 |  1.9
Staves         | 1 |  1.9
Ranged Weapons | 1 |  1.9
Throwing       | 1 |  1.9
Armour         | 1 |  1.9
Shields        | 1 |  1.9
Unarmed Combat | 1 |  1.9
Evocations     | 1 |  1.9
Hexes          | 1 |  1.5
Summonings     | 1 |  1.5
Necromancy     | 1 |  1.5
Translocations | 1 |  1.5
Transmutations | 1 |  1.5
Ice Magic      | 1 |  1.5
Air Magic      | 1 |  1.5
Earth Magic    | 1 |  1.5
Poison Magic   | 1 |  1.5
Dodging        | |  4.9
Stealth        | |  4.5
Fire Magic     | |  5.6

Action                     |  1- 3 |  4- 6 || total
---------------------------+-------+-------++-------
  Melee: Short sword       |    25 |     5 ||    30
         Bite              |     4 |     3 ||     7
         Quarterstaff      |       |    13 ||    13
   Cast: Foxfire           |    30 |    25 ||    55
         Scorch            |    17 |    15 ||    32
 Invoke: Banish            |       |     1 ||     1
    Use: Scroll            |       |     1 ||     1
         Potion            |       |     1 ||     1
   Stab: Sleeping          |     5 |     3 ||     8
 Armour: Robe              |     7 |     2 ||     9
  Dodge: Dodged            |    21 |    13 ||    34

Table legend: (Time is in decaauts)
 A = Elapsed time spent in this place.
 B = Non-inter-level travel time spent in this place.
 C = Inter-level travel time spent in this place.
 D = Time resting spent in this place.
 E = Time spent auto-exploring this place.
 F = Levels seen in this place.
 G = Mean time per level.
                   A        B        C        D        E       F      G
               +--------+--------+--------+--------+--------+-----+--------+
         Total |   3760 |   3692 |     68 |    494 |   2649 |   4 |  940.0 |
       Dungeon |   3760 |   3692 |     68 |    494 |   2649 |   4 |  940.0 |
               +--------+--------+--------+--------+--------+-----+--------+

Top non-repeatable levels by time:
     D:1: 1439 daAuts
     D:2: 1190 daAuts
     D:3: 889 daAuts
     D:4: 241 daAuts
